 Dungeon Crawl Stone Soup version 0.23-a0-171-g5ae17c6 (webtiles) character file.

590 Inarius the Skirmisher (level 7, -3/56 HPs)
             Began as a Mummy Fighter on Sept 14, 2018.
             Was an Initiate of Gozag.
             Slain by Arum's ghost (9 damage)
             ... on level 4 of the Dungeon.
             The game lasted 00:06:31 (3545 turns).

Inarius the Skirmisher (Mummy Fighter)              Turns: 3545, Time: 00:06:33

Health: -3/56      AC: 13    Str: 21    XL:     7   Next: 16%
Magic:  13/16      EV:  9    Int:  8    God:    Gozag
Gold:   176        SH:  0    Dex: 11    Spells: 6/6 levels left

rFire    x . .     SeeInvis .   j - +6 quarterstaff (chaos)
rCold    + . .     Gourm    .   (shield currently unavailable)
rNeg     + + +     Faith    .   d - +0 chain mail
rPois    ∞         Spirit   .   (no helmet)
rElec    .         Reflect  .   k - +1 cloak {+Inv}
rCorr    .         Harm     .   e - +0 pair of gloves
MR       .....                  (no boots)
Stlth    ..........             (no amulet)
HPRegen  0.18/turn              h - +1 ring of evasion
MPRegen  0.15/turn              o - ring of magical power

@: no status effects
A: no food or potions, fire vulnerability, cold resistance 1, negative energy
resistance 3, torment resistance, unbreathing
a: Potion Petition, Call Merchant, Bribe Branch, Renounce Religion, Evoke
Invisibility


You were on level 4 of the Dungeon.
You worshipped Gozag.
Gozag was aware of your devotion.
You were not hungry.

You visited 2 branches of the dungeon, and saw 5 of its levels.

You collected 237 gold pieces.
You paid 61 gold pieces to Gozag.

Inventory:

Hand Weapons
 a - a +0 long sword
 j - a +6 quarterstaff of chaos (weapon)
Armour
 c - a +0 shield
 d - a +0 chain mail (worn)
 e - a +0 pair of gloves (worn)
 i - a +0 large shield
 k - a +1 cloak of invisibility (worn)
Jewellery
 h - a +1 ring of evasion (left hand)
 o - a ring of magical power (right hand)
Wands
 l - a wand of disintegration (5)
Scrolls
 b - a scroll of identify
 f - 2 scrolls of fog
 m - a scroll of teleportation
 p - a scroll of blinking
 q - a scroll of magic mapping {unknown}
 r - 2 scrolls of remove curse


   Skills:
 * Level 5.4 Fighting
 - Level 1.5 Long Blades
 + Level 1.3 Staves
 + Level 4.5 Armour
 + Level 1.0 Dodging
 + Level 3.4 Shields


You had 6 spell levels left.
You didn't know any spells.
Your spell library was empty.

Dungeon Overview and Level Annotations

Branches:
Dungeon (4/15)             Temple (1/1) D:4

Altars:
Dithmenos
Elyvilon
Fedhas
Gozag
Hepliaklqana
Qazlal
Ru
Uskayaw
Wu Jian
Zin
The Shining One
Beogh

Annotations:
D:4 Arum's ghost, amateur FoFi


Innate Abilities, Weirdness & Mutations

You do not eat or drink.
Your flesh is vulnerable to fire.
You are immune to poison.
Your flesh is cold resistant. (rC+)
You are immune to negative energy. (rN+++)
You are immune to unholy pain and torment.
You can survive without breathing.


Message History

The orc priest shouts!
You sock something! You burn something.
The orc priest is no longer distracted by gold.
Something hits you but does no damage. Something hits you.
You barely miss something.
The orc priest begins to cast a cantrip, but forgets the words!
Something hits you but does no damage.
You closely miss something. Something hits you but does no damage.
You closely miss something. Something hits you!
You hit something but do no damage. Something hits you.
The orc is distracted by the nearby gold.
Something hits you!
The orc shouts!
You barely miss something.
The orc priest calls down the wrath of Beogh upon you.
Beogh smites you!
* * * LOW HITPOINT WARNING * * *
Something hits you!
You die...
Your body crumbles into a pile of gold.

_.8.#.'............##
...#.'..............
....#.#o.............
..##..#.o............
..8#..#..............
..##.o#o.............
8.....#..............
######8o............
#@{ooo............
####oo..##........
#....##........
#....##........
#....##†.......
############
#.....'†...#...
#...)))....#
#######....#...
##.#######.#
#....#... #.#
#.#########....#...


You could see an orc priest and 5 orcs.

Vanquished Creatures
  Menkaure (D:4)
  2 scorpions
  2 orc wizards
  2 orc priests
  Crazy Yiuf (D:2)
  Jessica (D:3)
  Terence (D:3)
  A worker ant (D:4)
  6 adders
  2 oozes
  4 worms
  3 dart slugs (D:1)
  A leopard gecko (D:2)
  9 orcs
  2 giant cockroaches
  4 goblins
  9 hobgoblins
  3 jackals (D:4)
  6 bats
  3 frilled lizards
  A jackal skeleton (D:4)
  5 kobolds
  12 rats
81 creatures vanquished.

Notes
Turn   | Place    | Note
-------+----------+-------------------------------------------
     0 | D:1      | Inarius the Mummy Fighter began the quest for the Orb.
     0 | D:1      | Reached XP level 1. HP: 18/18 MP: 1/1
    80 | D:1      | Reached XP level 2. HP: 17/24 MP: 2/2
   440 | D:1      | Reached XP level 3. HP: 29/29 MP: 3/3
   726 | D:2      | Found a stormy altar of Qazlal.
  1064 | D:2      | Reached XP level 4. HP: 37/37 MP: 4/4
  1113 | D:2      | Found a runed door.
  1270 | D:2      | Reached skill level 4 in Fighting
  1540 | D:2      | Reached XP level 5. HP: 11/42 MP: 5/5
  1836 | D:2      | Noticed Crazy Yiuf
  1845 | D:2      | Killed Crazy Yiuf
  2150 | D:3      | Noticed Jessica
  2159 | D:3      | Found a shadowy altar of Dithmenos.
  2164 | D:3      | Killed Jessica
  2345 | D:3      | Noticed Terence
  2360 | D:3      | Killed Terence
  2714 | D:4      | Reached XP level 6. HP: 44/49 MP: 6/6
  2726 | D:4      | Reached skill level 1 in Staves
  2845 | D:4      | Found a runed gate.
  2845 | D:4      | Noticed Arum's ghost (amateur FoFi)
  2846 | D:4      | Found a runed gate.
  2847 | D:4      | Found a runed gate.
  3011 | D:4      | Found a staircase to the Ecumenical Temple.
  3025 | Temple   | Entered the Ecumenical Temple
  3033 | Temple   | Reached skill level 5 in Fighting
  3149 | Temple   | Became a worshipper of Gozag Ym Sagoz the Greedy
  3269 | D:4      | Reached skill level 1 in Dodging
  3294 | D:4      | Found a hazy altar of Hepliaklqana.
  3348 | D:4      | Noticed Menkaure
  3360 | D:4      | Killed Menkaure
  3360 | D:4      | Reached XP level 7. HP: 56/56 MP: 7/7
  3498 | D:4      | Found a roughly hewn altar of Beogh.
  3545 | D:4      | Slain by Arum's ghost

Vault maps used:
D:1:      evilmike_arrival_plus, minivault_14
D:2:      lemuel_crystal_altar, minmay_misc_feat_five, uniq_crazy_yiuf_cottage
D:3:      minmay_misc_feat_room, grunt_dithmenos_smoke_and_mirrors,
          uniq_jessica, uniq_terence
D:4:      kennysheep_mini, minmay_temple_entry_junction,
          biasface_ghost_orc_armoury, uniq_menkaure
Temple:   hc_temple_tempest_star

Skill      XL: |  1  2  3  4  5  6 |
---------------+-------------------+-----
Armour         | 3 4 |  4.5
Shields        | 3 |  3.4
Fighting       | 4 5 |  5.4
Staves         | 1 |  1.3
Dodging        | 1 |  1.0
Long Blades    | |  1.5

Action                   |  1- 3 |  4- 6 |  7- 9 || total
-------------------------+-------+-------+-------++-------
Melee: Long sword        |   122 |    55 |       ||   177
       Quarterstaff      |       |   101 |    19 ||   120
  Use: Scroll            |       |       |     9 ||     9
Armor: Scale mail        |    15 |       |       ||    15
       Chain mail        |    56 |    86 |     9 ||   151
Dodge: Dodged            |    31 |    54 |     6 ||    91
Block: Shield            |    60 |    34 |       ||    94
       Rpst.: Long sword |     7 |     2 |       ||     9

Table legend:
 A = Non-vault XP
 B = Vault XP
 C = Vault XP percentage of total XP
 D = Non-vault monster count
 E = Vault monster count
 F = Vault count percentage of total count
                 A         B        C        D         E       F
            +---------+---------+-------+---------+---------+-------
      Total |     554 |     290 |  34.4 |      75 |       6 |   7.4
            +---------+---------+-------+---------+---------+-------
        D:1 |      48 |       0 |   0.0 |      26 |       0 |   0.0
        D:2 |     149 |      39 |  20.7 |      20 |       1 |   4.8
        D:3 |      50 |      73 |  59.3 |      11 |       2 |  15.4
        D:4 |     237 |     178 |  42.9 |      17 |       3 |  15.0
     Temple |      70 |       0 |   0.0 |       1 |       0 |   0.0
            +---------+---------+-------+---------+---------+-------
